Map: Cerulean Fall LE

Players

Swatopluke - Winner!

  • Race: Protoss Protoss
  • League: Platinum
  • Spawn Location: 7:00

MTALdrummeR

  • Race: Terran Terran
  • League: Platinum
  • Spawn Location: 1:00

VOD

Have the link to the VOD?

Description

Time

  • Played on: Nov. 13, 2018, 4:38 p.m.
  • Length: 10:19
Show
View Real Time Build Order
Export as new Build Order

Swatopluke Protoss - Winner!

Build Orders:  

Get SALT Encoding   

  12  0:00  Probe  
  13  0:12  Probe  
  14  0:17  Pylon  
  14  0:24  Probe  
  15  0:35  Probe  
  15  0:36  Gateway  
  16  0:44  Probe  
  16  0:47  Assimilator  
  17  0:55  Probe  
  18  1:04  Pylon  
  19  1:16  Gateway  
  19  1:20  Probe  
  19  1:25  Cybernetics Core  
  19  1:28  Probe  
  20  1:34  Assimilator  
  19  1:41  Probe  
  20  1:49  Pylon  
  20  1:53  Probe  
  21  1:59  Adept  
  21  2:01  Stalker  
  23  2:07  Probe  
  26  2:12  Warp Gate  
  26  2:20  Probe  
  27  2:42  Nexus  
  27  2:44  Probe  
  27  2:50  Adept  
  30  2:59  Pylon  
  30  3:14  Probe  
  30  3:17  Adept  
  30  3:19  Stargate  
  33  3:28  Probe  
  33  3:32  Robotics Facility  
  32  3:37  Probe  
  32  3:40  Shield Battery  
  33  3:45  Probe  
  33  3:52  Gateway  
  33  3:55  Probe  
  35  4:13  Probe x2  
  35  4:16  Stalker x2  
  41  4:17  Assimilator  
  41  4:24  Immortal  
  45  4:34  Stargate  
  45  4:35  Probe  
  45  4:37  Probe  
  47  4:51  Probe  
  48  4:56  Observer  
  48  4:59  Probe  
  50  5:07  Stalker x2  
  54  5:16  Pylon  
  54  5:20  Pylon  
  54  5:28  Oracle, Immortal  
  54  5:34  Probe x2  
  55  5:57  Probe  
  55  6:01  Probe  
  55  6:03  Void Ray, Immortal  
  65  6:13  Probe  
  65  6:16  Twilight Council, Probe  
  65  6:18  Stalker  
  69  6:25  Probe  
  69  6:27  Pylon  
  69  6:28  Pylon  
  70  6:36  Probe  
  70  6:39  Void Ray  
  68  6:42  Stalker  
  74  6:49  Pylon  
  74  6:50  Pylon  
  74  6:52  Charge  
  74  7:02  Assimilator  
  74  7:13  Stalker  
  74  7:14  Stalker, Immortal  
  74  7:15  Stalker  
  84  7:36  Void Ray  
  84  7:46  Immortal  
  88  7:55  Probe x2  
  92  8:25  Void Ray  
  92  8:29  Zealot x2  
  92  8:30  Zealot  
  98  8:54  Observer  
  98  8:57  Immortal  
  102  9:13  Nexus  
  102  9:15  Pylon  
  102  9:17  Pylon  
  102  9:21  Assimilator  
  102  9:26  Assimilator  
  102  9:28  Void Ray  
  102  9:33  Probe x2  
  80  10:14  Zealot  
  80  10:15  Zealot x2  
Show
View Real Time Build Order
Export as new Build Order

MTALdrummeR Terran 

Build Orders: Cyclone Opening 

Get SALT Encoding   

  12  0:01  SCV  
  13  0:13  SCV  
  14  0:18  Supply Depot  
  14  0:25  SCV  
  15  0:28  Refinery  
  15  0:40  SCV  
  16  0:47  Barracks  
  16  0:54  SCV  
  17  1:06  SCV  
  18  1:18  SCV  
  19  1:34  SCV  
  20  1:41  Supply Depot  
  20  1:49  Factory  
  20  1:54  SCV  
  21  1:57  Marine  
  22  2:08  Orbital Command  
  22  2:33  Cyclone  
  22  2:34  SCV  
  26  2:39  Refinery  
  26  2:57  Command Center  
  26  2:59  SCV  
  26  3:05  Cyclone  
  30  3:09  Supply Depot  
  30  3:37  Cyclone  
  30  3:40  Barracks Tech Lab  
  30  3:41  Starport  
  33  3:49  SCV, Engineering Bay  
  34  4:01  SCV  
  35  4:03  Stimpack  
  36  4:13  Orbital Command  
  35  4:19  Medivac  
  37  4:31  Barracks  
  37  4:33  Barracks, Orbital Command  
  37  4:36  Factory Tech Lab  
  37  4:37  Terran Infantry Weapons Level 1  
  37  4:55  Starport Tech Lab  
  37  4:57  Starport Reactor  
  37  4:59  SCV x2  
  39  5:06  Command Center  
  39  5:12  Marauder  
  39  5:13  SCV  
  42  5:15  SCV  
  43  5:26  Barracks Reactor  
  43  5:27  Barracks Tech Lab  
  43  5:28  SCV x2  
  39  5:51  Marauder  
  39  5:52  Marauder  
  39  5:53  SCV x2  
  39  5:54  Siege Tank  
  48  6:01  Missile Turret  
  48  6:04  Missile Turret  
  48  6:08  Engineering Bay  
  48  6:09  Medivac  
  48  6:10  Marine  
  48  6:11  Marine  
  52  6:18  Orbital Command  
  52  6:23  Marauder x2  
  56  6:25  Medivac  
  58  6:37  Marine x2  
  59  6:40  Orbital Command  
  59  6:42  SCV x2  
  59  6:45  Refinery  
  59  6:46  Refinery  
  61  6:51  Marauder  
  63  6:56  Concussive Shells  
  63  7:00  SCV x2  
  65  7:02  Marine x2  
  65  7:03  Marauder  
  69  7:08  Combat Shield  
  69  7:51  Command Center  
  65  8:15  Barracks  
  65  8:17  Barracks  
  65  8:18  Terran Infantry Armor Level 1  
  65  8:20  Armory  
  65  8:24  Supply Depot  
  62  8:44  Supply Depot  
  62  8:46  Marine x2, Marauder, SCV, Siege Tank  
  62  8:47  SCV, Viking  
  70  8:50  Supply Depot  
  70  9:04  Marine x2, Marauder, SCV x2, Viking  
  70  9:06  Supply Depot  
  70  9:07  Supply Depot, Barracks Reactor  
  70  9:09  Barracks Tech Lab  
  78  9:11  Marauder  
  80  9:18  Siege Tank  
  80  9:21  Viking  
  80  9:22  Marine x2  
  87  9:27  SCV x2  
  87  9:28  Supply Depot  
  87  9:29  Orbital Command  
  84  9:48  Marine  
  84  9:49  Marine x3, Marauder x2  
Tags
 
Add a new tag
Caveats
  • Supply blocks, unpowered buildings, or Contaminate may cause inaccurate times.
  • Supply counts are checked every 10 seconds.